 Dungeon Crawl Stone Soup version 0.31.0-32-g396128a36d (webtiles) character file.

Game seed: 9288912007266023729

716 Logoto the Chopper (level 7, 0/61 HPs)
             Began as a Hill Orc Fighter on Mar 9, 2024.
             Incinerated by a bombardier beetle (1 damage)
             ... with a burning spray
             ... on level 5 of the Dungeon.
             The game lasted 00:09:52 (2766 turns).

Logoto the Chopper (Hill Orc Fighter)               Turns: 2766, Time: 00:09:52

Health: 0/61       AC: 16    Str: 21    XL:     7   Next: 69%
Magic:  7/7        EV: 10    Int:  8    God:
Gold:   188        SH:  4    Dex:  5    Spells: 6/6 levels left

rFire   + . .        a - +0 war axe
rCold   + . .        c - +0 buckler
rNeg    + + +        o - +6 ring mail of Aruwn {Rampage rN++ Dex-5}
rPois   +            l - +2 helmet
rElec   +            (no cloak)
rCorr   +            (no gloves)
SInv    .            t - +0 pair of boots
Will    .....        (no amulet) Stlth
                     j - ring of positive energy
HPRegen 0.30/turn    (no ring)
MPRegen 0.10/turn

%: rampage
@: on fire, resistant, glowing
A: no striking features
a: no special abilities


You were on level 5 of the Dungeon.
You visited 1 branch of the dungeon, and saw 5 of its levels.

You collected 188 gold pieces.

Inventory:

Hand Weapons
 a - a +0 war axe (weapon)
Missiles
 f - 7 poisoned darts (quivered)
 k - 5 silver javelins
 s - 4 atropa-tipped darts
Armour
 b - a +0 scale mail
 c - a +0 buckler (worn)
 l - a +2 helmet (worn)
 o - the +6 ring mail of Aruwn (worn) {Rampage rN++ Dex-5}
   (You found it on level 3 of the Dungeon)

   Dex-5:     It affects your dexterity (-5).
   rN++:      It greatly protects you from negative energy.
   Rampage:   It bestows one free step when moving towards enemies.
 t - a +0 pair of boots (worn)
Jewellery
 j - a ring of positive energy (left hand)
Scrolls
 e - a scroll of vulnerability {unknown}
 g - a scroll of amnesia {unknown}
 i - a scroll of acquirement {unknown}
 n - a scroll of immolation {unknown}
 p - a scroll of silence {unknown}


   Skills:
 + Level 5.3 Fighting
 + Level 7.1 Axes
 + Level 5.3 Armour
 + Level 1.7 Dodging
 + Level 0.9 Stealth
 + Level 4.4 Shields


You had 6 spell levels left.
You didn't know any spells.
Your spell library was empty.

Dungeon Overview and Level Annotations

Branches:
Dungeon (6/15)
 Temple: D:4-7

Altars:


Message History

You hit the bombardier beetle.
The bombardier beetle is lightly wounded.
The liquid fire burns you!
* * * LOW HITPOINT WARNING * * *
You hit the bombardier beetle.
The bombardier beetle is lightly wounded.
The liquid fire burns you!
* * * LOW HITPOINT WARNING * * *
The bombardier beetle closely misses you.
You hit the bombardier beetle but do no damage.
The bombardier beetle is lightly wounded.
The liquid fire burns you!
* * * LOW HITPOINT WARNING * * *
The bombardier beetle bites you but does no damage.
It was a potion of curing.
You feel better. The liquid fire burns you!
* * * LOW HITPOINT WARNING * * *
You closely miss the bombardier beetle.
The bombardier beetle is lightly wounded.
The liquid fire burns you!
* * * LOW HITPOINT WARNING * * *
The bombardier beetle sprays incendiary fluid at you.
The burning spray hits you.
You are even more covered in liquid fire!
As you read the scroll labelled GUOCOWY HACUBUUN, it crumbles to dust.
Your body is wracked with pain!
* * * LOW HITPOINT WARNING * * *
The bombardier beetle convulses!
The orc convulses!
It was a scroll of torment.
The liquid fire burns you!
* * * LOW HITPOINT WARNING * * *
The bombardier beetle sprays incendiary fluid at you.
The burning spray hits you.
You are even more covered in liquid fire!
You feel protected. The liquid fire burns you!
* * * LOW HITPOINT WARNING * * *
You hit the bombardier beetle but do no damage.
The bombardier beetle is heavily wounded.
The liquid fire burns you!
You die...

##...####
#.##### ##...#
#.# ...O...
##...# #.#
...B... ##...#
#.# .......
##...# #.#
..o....
##...#### #.#
..o....
##...'..# #.#
.......
##...##.#
#.#######......?
#..†##.#
#.....@Bo.#
#...##.#
###########
#......#
#####.### .# #.#
.# #.# .# #.# .#
#.# .####.#


You could see a bombardier beetle and an orc.

Vanquished Creatures
  Sigmund (D:3)
  An ogre (D:5)
  A phantom (D:5)
  2 scorpions (D:5)
  A jelly (D:5)
  An orc priest (D:5)
  2 iguanas
  Robin (D:2)
  7 gnolls
  An adder (D:3)
  4 dart slugs
  2 ribbon worms (D:2)
  4 orcs
  5 bats
  3 endoplasms
  3 giant cockroaches
  12 goblins
  4 hobgoblins
  7 jackals
  A kobold (D:3)
  2 quokkas
  7 ball pythons
  3 frilled lizards
  3 rats (D:1)
78 creatures vanquished.

Notes
Turn   | Place    | Note
-------+----------+-------------------------------------------
     0 | D:1      | Logoto the Hill Orc Fighter began the quest for the Orb.
     0 | D:1      | Reached XP level 1. HP: 19/19 MP: 1/1
    83 | D:1      | Reached XP level 2. HP: 18/27 MP: 2/2
   305 | D:1      | Found a faded altar of an unknown god.
   388 | D:1      | Reached skill level 3 in Axes
   388 | D:1      | Reached XP level 3. HP: 33/33 MP: 3/3
   935 | D:2      | Noticed Robin
  1020 | D:2      | Reached XP level 4. HP: 32/40 MP: 4/4
  1023 | D:2      | Killed Robin
  1210 | D:2      | Reached skill level 4 in Axes
  1595 | D:3      | Reached XP level 5. HP: 27/47 MP: 5/5
  1978 | D:3      | Noticed Sigmund
  1979 | D:3      | Identified the +6 ring mail of Aruwn {Rampage rN++ Dex-5}
  2012 | D:3      | Killed Sigmund
  2013 | D:3      | Reached skill level 5 in Axes
  2013 | D:3      | Reached skill level 1 in Dodging
  2013 | D:3      | Reached XP level 6. HP: 40/53 MP: 6/6
  2275 | D:3      | You fall into a shaft and drop 3 floors!
  2295 | D:5      | Entered Level 5 of the Dungeon
  2322 | D:5      | Reached skill level 6 in Axes
  2322 | D:5      | Reached skill level 5 in Armour
  2322 | D:5      | Reached XP level 7. HP: 54/60 MP: 7/7
  2379 | D:5      | Reached skill level 5 in Fighting
  2745 | D:5      | Reached skill level 7 in Axes
  2764 | D:5      | HP: 3/61 [burnt (4)]
  2765 | D:5      | HP: 1/61 [burnt (3)]
  2766 | D:5      | Incinerated by a bombardier beetle

Illustrated notes

Levels and vault maps discovered:
D:1:      dpeg_arrival_pits, layout_basic, hellmonk_ecumenical_altar_lost_god,
          item_on_display_a
D:2:      layout_rooms, corexii_corridor_pit, chequers_serial_rivers_small_b,
          uniq_robin
D:3:      layout_basic, mainiacjoe_overflow_chevrons, uniq_sigmund
D:5:      layout_basic
D:6:      layout_cave_pools, tgw_xom, serial_shops,
          nicolae_shop_tiny_statue_garden, uniq_duvessa

Skill      XL: |  1  2  3  4  5  6  7 |
---------------+----------------------+-----
Fighting       | 4 5 |  5.3
Axes           | 3 4 5 6 7 |  7.1
Armour         | 4 5 |  5.3
Shields        | 4 |  4.4
Dodging        | 1 |  1.7
Stealth        | |  0.9

Action                     |  1- 3 |  4- 6 |  7- 9 || total
---------------------------+-------+-------+-------++-------
  Melee: War axe           |    89 |   131 |    61 ||   281
    Use: Potion            |       |     2 |     3 ||     5
         Scroll            |       |     2 |     2 ||     4
 Armour: Scale mail        |    86 |    86 |       ||   172
         Ring mail         |       |    14 |    34 ||    48
  Dodge: Dodged            |    47 |    72 |    15 ||   134
  Block: Buckler           |    29 |    35 |     7 ||    71
